 Dungeon Crawl Stone Soup version 0.31.0-1-g2c135a0 (webtiles) character file.

Game seed: 8419711839177919106

88 Feral the Shield-Bearer (level 4, -2/44 HPs)
             Began as a Troll Fighter on Mar 24, 2024.
             Succumbed to a water moccasin's poison
             ... on level 3 of the Dungeon.
             The game lasted 00:37:56 (2359 turns).

Feral the Shield-Bearer (Troll Fighter)             Turns: 2359, Time: 00:37:57

Health: -2/44      AC:  4    Str: 26    XL:     4   Next: 29%
Magic:  3/3        EV:  9    Int:  4    God:
Gold:   110        SH:  7    Dex:  9    Spells: 3/3 levels left

rFire   + . .        y - +0 dagger (venom)
rCold   + . .        b - +0 kite shield
rNeg    . . .        a - +0 robe
rPois   +            (helmet restricted)
rElec   +            (no cloak)
rCorr   +            (gloves unavailable)
SInv    .            (boots unavailable)
Will    .....        (no amulet)
Stlth   +            (no ring)
HPRegen 1.07/turn    (no ring)
MPRegen 0.08/turn

%: no passive effects
@: lethally poisoned (-2 -> -12), resistant
A: large, unfitting armour, claws 3, regeneration 1, shaggy fur 1, tough skin 1
a: no special abilities


You were on level 3 of the Dungeon.
You visited 1 branch of the dungeon, and saw 3 of its levels.

You collected 110 gold pieces.

Inventory:

Hand Weapons
 c - a +0 dagger
 e - a +0 whip
 g - a +0 dagger
 h - a +0 dagger
 i - a +0 dagger
 j - a +0 dagger
 k - a +0 club
 l - a +0 whip
 p - a +0 short sword
 r - a +0 rapier
 v - a +0 mace
 y - a +0 dagger of venom (weapon)
 A - a +0 hand axe
 B - a +0 mace
 C - a +2 flail of protection
Missiles
 d - 23 stones (quivered)
Armour
 a - a +0 robe (worn)
 b - a +0 kite shield (worn)
 m - a +0 ring mail
 n - a +2 helmet
 s - a +0 leather armour
 z - a +0 ring mail
 D - a +0 robe
Jewellery
 u - an amulet of faith
Scrolls
 f - 2 scrolls of identify
 o - a scroll of fog
Potions
 q - a potion of might
 x - a potion of haste


   Skills:
 + Level 2.8 Fighting
 + Level 0.9 Short Blades
 + Level 0.5 Throwing
 + Level 3.1 Dodging
 + Level 3.3 Shields
 + Level 2.1 Unarmed Combat


You had 3 spell levels left.
You didn't know any spells.
Your spell library contained the following spells:

 Spells                   Type           Power      Damage    Failure   Level
 Freeze                   Ice            0%         1d3       75%         1
 Dazzling Flash           Conj/Hex       0%         N/A       98%         3
 Frozen Ramparts          Ice            0%         1d1       98%         3
 Hailstorm                Conj/Ice       0%         3d5       98%         3
 Mephitic Cloud           Conj/Alch/Air  0%         N/A       98%         3
 Curse of Agony           Necr           0%         N/A       100%        5
 Silence                  Hex/Air        0%         N/A       100%        5


Dungeon Overview and Level Annotations

Branches:
Dungeon (3/15)

Altars:
Uskayaw

Annotations:
D:2 1 exclusion


Innate Abilities, Weirdness & Mutations

You are too large for most types of armour.
You have claws for hands.
Your natural rate of healing is unusually fast.
You are covered in fur. (AC +1)
You have tough skin. (AC +1)


Message History

You feel very sick.
The water moccasin bites you but does no damage.
You barely miss the water moccasin.
The water moccasin is moderately wounded.
You feel sick. The water moccasin bites you. The water moccasin bites you!
You are more poisoned.
The water moccasin poisons you!
You hit the water moccasin but do no damage.
The water moccasin is moderately wounded.
You feel very sick.
The water moccasin bites you but does no damage.
You hit the water moccasin but do no damage.
The water moccasin is heavily wounded.
You feel very sick. The water moccasin bites you.
You are lethally poisoned!
The water moccasin poisons you!
* * * LOW HITPOINT WARNING * * *
You feel extremely sick.
The water moccasin attacks as it pursues you!
The water moccasin bites you.
* * * LOW HITPOINT WARNING * * *
You block the water moccasin's attack.
You feel protected.
* * * LOW HITPOINT WARNING * * *
You feel very sick. The water moccasin closely misses you.
What are your orders? t - Shout!
Orders for allies: a - Attack new target. p - Attack previous target. r - Retreat! s - Stop attacking. g - Guard the area. f - Follow me.
Anything else - Cancel.
Okay, then.
Unknown command.
Blink to where?
Press: ? - help, Q - select action, (/) - cycle Dir - move target, p - water moccasin
Found 13 gold pieces and 3 stones.
As you read the scroll of blinking, it crumbles to dust.
You die...

#.#.## .## #.#.# .#
.... ##.#.# .# ##...
#.>#.# .#
......#.#..# .#
.......S§..# .##
......#.#...#..#####
#.... #.##..#.......
#.#. #.##..@.......
# # #.##.#.....$##
#.##..........
#.#####.....(. #.#
######.


You could see a water moccasin (poisoned).

Vanquished Creatures
  An orc priest (D:3)
  An adder (D:2)
  2 dart slugs (D:1)
  A ribbon worm (D:2)
  3 orcs (D:3)
  2 ball pythons
  3 bats
  3 endoplasms (D:1)
  2 giant cockroaches
  2 goblins
  3 hobgoblins
  3 quokkas (D:1)
  2 frilled lizards
  5 kobolds (D:1)
  7 rats
40 creatures vanquished.

Notes
Turn   | Place    | Note
-------+----------+-------------------------------------------
     0 | D:1      | Feral the Troll Fighter began the quest for the Orb.
     0 | D:1      | Reached XP level 1. HP: 22/22 MP: 0/0
   258 | D:1      | Reached XP level 2. HP: 29/29 MP: 1/1
  1171 | D:2      | Reached XP level 3. HP: 36/36 MP: 2/2
  1171 | D:2      | Found a hide-covered altar of Uskayaw.
  1870 | D:3      | Noticed a water moccasin
  2219 | D:3      | Reached XP level 4. HP: 43/44 MP: 3/3
  2358 | D:3      | HP: 1/44 [poisoned by a water moccasin]
  2359 | D:3      | Succumbed to a water moccasin's poison

Illustrated notes

Levels and vault maps discovered:
D:1:      wander_arrival_estate, layout_loops_ring,
          amcnicky_mini_rare_corridor_liquid, minmay_misc_feat_secret_circle,
          minmay_indecisive_spiral
D:2:      layout_rooms, basic_altar
D:3:      layout_loops_ring, minmay_randomly_rotated_circles

Skill      XL: |  1  2  3 |
---------------+----------+-----
Shields        | 3 |  3.3
Dodging        | 3 |  3.1
Fighting       | |  2.8
Short Blades   | |  0.9
Throwing       | |  0.5
Unarmed Combat | |  2.1

Action                     |  1- 3 |  4- 6 || total
---------------------------+-------+-------++-------
  Melee: Dagger            |   146 |    10 ||   156
         Unarmed           |    13 |       ||    13
         Short sword       |   127 |       ||   127
  Throw: Stone             |    12 |     2 ||    14
    Use: Potion            |     2 |     1 ||     3
         Scroll            |     6 |     1 ||     7
 Armour: Robe              |   153 |     8 ||   161
  Dodge: Dodged            |    94 |     5 ||    99
  Block: Kite shield       |    98 |     2 ||   100
